AoeStats
← Hamilton

Black Forest

510229161Analyzed
2v2 RM · 3d ago on Sep 30, 2026· 59m 14s· 4 players
Game mode
Random Map
Map size
Medium (4 player)
Population
200
Speed
Normal
Resources
Standard
Victory
Conquest
Starting age
Dark Age
Ending age
Imperial Age
RankedLock teamsTeams togetherTeam positionsShared explorationLock speedFull tech treeHidden civsTurbo modeCheats
Victory
Defeat
🇺🇸 Slavs · United States
914
+18
🇲🇽 Portuguese · Mexico
882
+19
🇦🇷 Franks · Argentina
958
-53
🇦🇷 Vietnamese · Argentina
958
-56
BlissfulBread7
12:51 Feudal Age
19:08 Castle Age
18:23 Stone Mining
18:15 Horse Collar
18:24 Double-Bit Axe
18:35 Gold Mining
20:17 Wheelbarrow
20:39 Heavy Plow
20:55 Bow Saw
23:38 Fishing Lines
28:21 Imperial Age
26:12 Gillnets
26:58 Caravan
28:03 Hand Cart
30:33 Two-Man Saw
29:31 Onager
31:35 Pikeman
32:16 Squires
32:20 Scale Mail Armor
32:31 Forging
32:16 Siege Onager
33:26 Chain Mail Armor
35:07 Halberdier
35:35 Heavy Scorpion
37:19 Plate Mail Armor
37:26 Iron Casting
36:52 Town Watch
39:03 Conscription
38:04 Elite Boyar
41:45 Blast Furnace
40:51 Scale Barding Armor
41:57 Man-at-Arms
43:02 Siege Engineers
43:18 Ballistics
47:05 Chain Barding Armor
46:24 Long Swordsman
48:25 Two-Handed Swordsman
55:01 Champion
diossnefru1
0:26 Loom
12:17 Feudal Age
13:51 Wheelbarrow
13:28 Double-Bit Axe
21:14 Castle Age
19:21 Stone Mining
20:17 Gold Mining
22:13 Hand Cart
26:12 Horse Collar
28:02 Heavy Plow
29:05 Bow Saw
33:25 Imperial Age
31:34 Caravan
33:08 Stone Shaft Mining
32:28 Treadmill Crane
32:58 Masonry
32:44 Murder Holes
35:22 Chemistry
35:43 Conscription
37:50 Padded Archer Armor
37:40 Fletching
39:17 Ballistics
38:47 Heated Shot
39:28 Architecture
40:23 Two-Man Saw
39:46 Pikeman
40:12 Arson
40:47 Leather Archer Armor
40:27 Bodkin Arrow
40:43 Forging
41:06 Onager
42:58 Ring Archer Armor
42:28 Bracer
42:39 Forging
43:59 Siege Engineers
45:21 Elite Organ Gun
46:04 Arquebus
50:42 Halberdier
51:46 Scale Mail Armor
56:16 Chain Mail Armor
56:38 Iron Casting
56:03 Bracer
Luke_90
0:27 Loom
14:04 Feudal Age
14:49 Horse Collar
14:58 Double-Bit Axe
16:17 Wheelbarrow
24:14 Castle Age
22:50 Fletching
23:02 Stone Mining
23:27 Padded Archer Armor
24:15 Forging
25:13 Bow Saw
24:31 Elite Skirmisher
25:14 Gold Mining
26:23 Leather Archer Armor
27:57 Hand Cart
28:12 Fortified Wall
32:08 Heavy Plow
36:13 Imperial Age
34:39 Bodkin Arrow
35:21 Iron Casting
34:47 Scale Mail Armor
35:11 Ballistics
34:59 Town Watch
35:16 Pikeman
35:57 Squires
36:46 Imperial Skirmisher
38:00 Ring Archer Armor
38:58 Bracer
39:14 Chain Mail Armor
38:51 Arson
40:09 Two-Man Saw
41:23 Paper Money
41:42 Plate Mail Armor
41:44 Murder Holes
42:00 Masonry
41:21 Halberdier
41:22 Elite Fire Lancer
48:06 Man-at-Arms
49:34 Long Swordsman
50:23 Scale Barding Armor
52:17 Two-Handed Swordsman
Hamilton
13:28 Feudal Age
11:44 Loom
18:23 Castle Age
16:40 Double-Bit Axe
26:27 Bow Saw
28:50 Elite Skirmisher
29:44 Padded Archer Armor
29:36 Fletching
30:17 Stone Mining
34:24 Imperial Age
33:26 Wheelbarrow
34:25 Gold Mining
34:11 Pikeman
35:07 Cavalier
35:07 Light Cavalry
35:48 Husbandry
36:38 Bodkin Arrow
36:55 Forging
36:46 Scale Mail Armor
37:05 Chivalry
36:30 Elite Throwing Axeman
38:54 Gold Shaft Mining
37:51 Halberdier
38:36 Squires
42:11 Iron Casting
41:42 Scale Barding Armor
41:53 Chain Mail Armor
51:44 Chain Barding Armor
52:25 Blast Furnace
Connection lost

Rejoining the realm…

Still unreachable

The connection could not be restored.

Session expired

The server has moved on; the page needs a fresh start.